 Dungeon Crawl Stone Soup version 0.28-a0-938-gbc3f381ebc (console) character file.

Game seed: 14193551378198632931

9965 jejorda2 the Basher (level 11, -10/71 HPs)
             Began as a Gargoyle Berserker on Nov 28, 2021.
             Was an Elder of Trog.
             Mangled by a polar bear (14 damage)
             ... in an ice cave.
             The game lasted 00:19:43 (11142 turns).

jejorda2 the Basher (Gargoyle Berserker)           Turns: 11142, Time: 00:19:45

Health: -10/71     AC: 25    Str: 23    XL:     11   Next: 54%
Magic:  11/11      EV:  7    Int:  9    God:    Trog [****..]
Gold:   604        SH:  0    Dex:  9    Spells: 10/10 levels left

rFire   x . .      SeeInvis .   a - +2 whip (elec)
rCold   + + .      Faith    .   (no shield)
rNeg    + . .      Spirit   .   c - +0 plate armour
rPois   ∞          Reflect  .   (no helmet)
rElec   +          Harm     .   u - +2 cloak
rCorr   .          Rampage  .   (no gloves)
Will    .....                   (no boots)
Stlth   ..........              (no amulet)
HPRegen 0.21/turn               G - ring of protection from cold
MPRegen 0.12/turn               j - ring of ice

@: on berserk cooldown, slowed, very slow
A: sickness immunity, AC +8, negative energy resistance 1, electricity
resistance, torment resistance 1, petrification resistance
a: Renounce Religion, Berserk, Trog's Hand, Brothers in Arms


You were in an ice cave.
You worshipped Trog.
Trog was greatly pleased with you.
You visited 2 branches of the dungeon, and saw 10 of its levels.
You also visited: Ice Cave.

You collected 604 gold pieces.

Inventory:

Hand Weapons
 a - a +2 whip of electrocution (weapon)
 p - a +0 flail of protection
 y - a +0 hunting sling
Missiles
 e - 206 stones
 h - 4 boomerangs
 q - 2 javelins
 r - 23 poisoned darts (quivered)
 x - 32 sling bullets
 A - 4 throwing nets
Armour
 c - a +0 plate armour (worn)
 u - a +2 cloak (worn)
Jewellery
 d - a ring of resist corrosion
 j - a ring of ice (right hand)
 t - a +6 ring of strength
 v - a ring of fire
 G - a ring of protection from cold (left hand)
Wands
 l - a wand of flame (48)
 n - a wand of iceblast (7)
Scrolls
 z - a scroll of teleportation
 F - a scroll of silence
Potions
 b - a potion of haste
 f - 2 potions of lignification
 g - 2 potions of magic
 i - a potion of berserk rage
 k - 4 potions of mutation
 m - 7 potions of curing
 o - a potion of heal wounds
 s - 2 potions of ambrosia
 w - 2 potions of attraction
 E - a potion of flight
 H - a potion of brilliance {unknown}


   Skills:
 + Level 9.5 Fighting
 + Level 13.7 Maces & Flails
 + Level 9.5 Armour
 - Level 1.5 Dodging


You had 10 spell levels left.
You didn't know any spells.
Your spell library was empty.

Dungeon Overview and Level Annotations

Branches:
Dungeon (9/15)             Temple (0/1) D:6            Lair (1/6) D:9
  IceCv (1/1)
    Orc: D:9-12

Altars:
Cheibriados
Dithmenos
Elyvilon
Fedhas
Hepliaklqana
Nemelex Xobeh
Vehumet
Wu Jian

Annotations:
D:4 3 runed translucent doors, sirJeffrey23's ghost, novice DsGl


Innate Abilities, Weirdness & Mutations

You are immune to sickness and miasma.
Your stone body is resilient. (AC +8)
You are immune to poison.
You resist negative energy. (rN+)
You are resistant to electric shocks. (rElec)
You are resistant to unholy torment.
You are immune to petrification.


Message History

The polar bear is almost dead.
The polar bear bites you but does no damage.
The polar bear claws you but does no damage.
The polar bear barely misses you.
You hit the polar bear but do no damage.
The polar bear is almost dead.
The polar bear bites you!
* * * LOW HITPOINT WARNING * * *
The polar bear claws you.
* * * LOW HITPOINT WARNING * * *
The polar bear claws you but does no damage.
You closely miss the polar bear.
The polar bear is almost dead.
The polar bear bites you but does no damage.
The polar bear claws you but does no damage. x2
You hit the polar bear but do no damage.
The polar bear is almost dead.
The polar bear barely misses you. The polar bear closely misses you.
The polar bear barely misses you.
You hit the polar bear but do no damage.
The polar bear is almost dead.
The polar bear barely misses you.
The polar bear claws you but does no damage. x2
You hit the polar bear but do no damage.
The polar bear is almost dead.
The polar bear barely misses you. The polar bear claws you.
* * * LOW HITPOINT WARNING * * *
The polar bear claws you but does no damage.
The polar bear bites you!
* * * LOW HITPOINT WARNING * * *
The polar bear claws you but does no damage. x2
Okay, then.
Unknown command.
Throw: 5 throwing nets
Press: ? - help, Shift-Dir - straight line, f/p - polar bear
Aim: a polar bear (almost dead, berserk, 67% to hit)
You throw a throwing net.
The throwing net barely misses the polar bear.
The polar bear bites you!
You die...

######## ##
##...##@##..#
#...#..#h(#
#...#####†((#
#...# .###
##..## ..
#...# #..
#..## #.#
#..# .. ##..#
...


You could see a polar bear (berserk).

Vanquished Creatures
  Harold (D:8)
  Erica (D:8)
  A death yak (IceCv)
  A two-headed ogre (D:9)
  Maurice (D:8)
  A black mamba (Lair:1)
  2 polar bears (IceCv)
  Grinder (D:6)
  6 yaks
  5 humans (D:7)
  Eustachio (D:6)
  4 vampire mosquitoes (D:7)
  An acid dragon (D:9)
  A water moccasin (Lair:1)
  2 orc warriors
  An ogre (D:4)
  2 hornet zombies
  7 wolves (IceCv)
  4 centaurs
  3 phantoms
  A kobold brigand (D:8)
  6 bullfrogs
  2 scorpions (D:5)
  A water moccasin zombie (D:6)
  6 killer bees (D:9)
  6 howler monkeys (D:7)
  4 centaur zombies
  3 hounds
  7 orc priests
  2 gnoll shamans
  Crazy Yiuf (D:6)
  4 bullfrog skeletons
  6 iguanas
  A scorpion zombie (D:5)
  4 orc wizards
  A killer bee zombie (D:8)
  2 howler monkey zombies
  13 gnolls
  7 adders
  2 shadow imps
  A white imp (D:5)
  A worm (D:3)
  2 dart slugs
  20 orcs
  3 bats (D:1)
  8 endoplasms
  5 giant cockroaches
  7 goblins
  7 hobgoblins
  3 quokkas
  5 ball pythons
  5 frilled lizards
  12 kobolds
  5 rats
  A toadstool (D:6)
210 creatures vanquished.

Vanquished Creatures (others)
  A fungus (D:6)
  4 toadstools (D:6)
5 creatures vanquished.

Grand Total: 215 creatures vanquished

Notes
Turn   | Place    | Note
-------+----------+-------------------------------------------
     0 | D:1      | jejorda2 the Gargoyle Berserker began the quest for the
                  | Orb.
     0 | D:1      | Reached XP level 1. HP: 14/14 MP: 1/1
   233 | D:1      | Reached XP level 2. HP: 14/19 MP: 2/2
  1095 | D:2      | Reached XP level 3. HP: 10/23 MP: 3/3
  1510 | D:2      | Reached ** piety under Trog
  2075 | D:2      | Found a faded altar of an unknown god.
  2523 | D:3      | Reached skill level 4 in Maces & Flails
  2757 | D:3      | Reached XP level 4. HP: 29/29 MP: 4/4
  2917 | D:3      | Found a white marble altar of Elyvilon.
  2919 | D:3      | Found a sparkling altar of Nemelex Xobeh.
  3296 | D:4      | Reached XP level 5. HP: 22/33 MP: 5/5
  3343 | D:4      | Found a blossoming altar of Fedhas.
  4020 | D:4      | Noticed an ogre
  4031 | D:4      | Killed an ogre
  4032 | D:4      | Reached skill level 5 in Maces & Flails
  4032 | D:4      | Reached XP level 6. HP: 38/39 MP: 6/6
  4176 | D:4      | Found a runed translucent gate.
  4177 | D:4      | Found a runed translucent gate.
  4178 | D:4      | Found a runed translucent gate.
  4180 | D:4      | Noticed sirJeffrey23's ghost (novice DsGl)
  5044 | D:5      | Entered Level 5 of the Dungeon
  5053 | D:5      | Reached skill level 5 in Fighting
  5053 | D:5      | Reached XP level 7. HP: 44/44 MP: 7/7
  5059 | D:5      | Reached skill level 6 in Maces & Flails
  5781 | D:5      | Reached skill level 5 in Armour
  6255 | D:5      | Reached skill level 7 in Maces & Flails
  6255 | D:5      | Reached XP level 8. HP: 51/51 MP: 8/8
  6365 | D:6      | Found a snail-covered altar of Cheibriados.
  6553 | D:6      | Reached *** piety under Trog
  6613 | D:6      | Found a hazy altar of Hepliaklqana.
  6618 | D:6      | Found an ornate altar of the Wu Jian Council.
  6683 | D:6      | Noticed Eustachio
  6715 | D:6      | Killed Eustachio
  6796 | D:6      | Found a runed translucent door.
  6797 | D:6      | Noticed Crazy Yiuf
  6805 | D:6      | Killed Crazy Yiuf
  6868 | D:6      | Noticed Grinder
  6868 | D:6      | Paralysed by Grinder for 7 turns
  6892 | D:6      | Killed Grinder
  6893 | D:6      | Reached skill level 8 in Maces & Flails
  7028 | D:6      | Reached skill level 9 in Maces & Flails
  7119 | D:6      | Reached XP level 9. HP: 43/55 MP: 9/9
  7264 | D:6      | Found a staircase to the Ecumenical Temple.
  7692 | D:7      | Reached skill level 10 in Maces & Flails
  7923 | D:7      | Reached skill level 11 in Maces & Flails
  8093 | D:7      | Found a radiant altar of Vehumet.
  8193 | D:7      | Reached skill level 12 in Maces & Flails
  8208 | D:7      | Reached XP level 10. HP: 49/60 MP: 10/10
  8836 | D:8      | Noticed Maurice
  8874 | D:8      | Killed Maurice
  9091 | D:8      | Noticed Harold
  9106 | D:8      | Killed Harold
  9198 | D:8      | Noticed Erica
  9207 | D:8      | Killed Erica
  9245 | D:8      | Found a shadowy altar of Dithmenos.
  9486 | D:8      | Identified the +2 short sword "Wewkaice" {vamp, *Slow rElec
                  | Int-5 Dex+5}
  9600 | D:9      | Noticed a two-headed ogre
  9611 | D:9      | Killed a two-headed ogre
  9612 | D:9      | Reached skill level 13 in Maces & Flails
  9624 | D:9      | Reached **** piety under Trog
  9625 | D:9      | Reached XP level 11. HP: 64/68 MP: 11/11
  9754 | D:9      | Found a staircase to the Lair.
 10703 | Lair:1   | Entered Level 1 of the Lair of Beasts
 10770 | Lair:1   | Found a frozen archway.
 10774 | IceCv    | Entered an ice cave
 11068 | IceCv    | Noticed a death yak
 11101 | IceCv    | Killed a death yak
 11142 | IceCv    | Mangled by a polar bear

Illustrated notes

Levels and vault maps discovered:
D:1:      tarquinn_simple_flora_water_b, layout_loops_ring
D:2:      layout_basic, hellmonk_ecumenical_altar_prayer_group, st_stairs_2
D:3:      minmay_octagon_keep, layout_rooms, mainiacjoe_overflow_catwalk,
          chequers_temple_overflow_statue_of_worship
D:4:      layout_loops_corners, mainiacjoe_overflow_paths,
          gammafunk_ghost_split, grunt_ministairs_11,
          eino_small_chamber_without_monster
D:5:      layout_basic, kennysheep_generic_room_14
D:6:      layout_loops_ring, nicolae_wu_jian_immortal_techniques,
          overflow_temple_1_default, mainiacjoe_overflow_concentric_impassable,
          minmay_temple_entry_enclosed_plants, minmay_gold_behind_fungi,
          kennysheep_generic_room_9, uniq_crazy_yiuf_cottage, uniq_grinder,
          uniq_eustachio
D:7:      layout_loops_ring, mainiacjoe_overflow_surrounded_room,
          minmay_ruffians
D:8:      layout_loops_cross, lemuel_coloured_pillars_altar, uniq_maurice,
          uniq_erica, uniq_harold
D:9:      layout_loops_ring, dpeg_oklobed_lair, minivault_19
Lair:1:   layout_cave_pods, basic_altar, portal_ice_cave_entry_pillars_1,
          nicolae_quartered_pool_super, grunt_forest_small_clearing_treed
IceCv:    ice_cave_caverns_01

Skill      XL: |  1  2  3  4  5  6  7  8  9 10 11 |
---------------+----------------------------------+-----
Maces & Flails | 4 5 7 9 12 13 | 13.7
Armour         | 3 4 5 6 8 9 |  9.5
Fighting       | 4 5 6 8 9 |  9.5
Dodging        | |  1.5

Action                   |  1- 3 |  4- 6 |  7- 9 | 10-12 || total
-------------------------+-------+-------+-------+-------++-------
Melee: Mace              |   116 |    33 |       |       ||   149
       Flail             |       |    97 |   127 |       ||   224
       Whip              |       |       |   265 |   389 ||   654
Throw: Stone             |    86 |     6 |       |     5 ||    97
       Dart              |       |       |       |     6 ||     6
       Throwing net      |       |       |       |     1 ||     1
Invok: Berserk           |       |     4 |     2 |     4 ||    10
       Trog's Hand       |       |     1 |     1 |     3 ||     5
  Use: Scroll            |       |       |    14 |     9 ||    23
 Stab: Sleeping          |     1 |       |       |       ||     1
Armor: Animal skin       |    30 |       |       |       ||    30
       Ring mail         |     6 |       |       |       ||     6
       Chain mail        |       |    62 |   141 |       ||   203
       Plate armour      |       |       |    62 |   184 ||   246
Dodge: Dodged            |    60 |    55 |   141 |    96 ||   352

Table legend: (Time is in decaauts)
 A = Elapsed time spent in this place.
 B = Non-inter-level travel time spent in this place.
 C = Inter-level travel time spent in this place.
 D = Time resting spent in this place.
 E = Time spent auto-exploring this place.
 F = Levels seen in this place.
 G = Mean time per level.
                   A        B        C        D        E       F      G
               +--------+--------+--------+--------+--------+-----+--------+
         Total |  10996 |  10608 |    388 |    716 |   8065 |  11 |  999.6 |
       Dungeon |  10611 |  10223 |    388 |    704 |   7851 |   9 | 1179.0 |
          Lair |     66 |     66 |      0 |      0 |      0 |   1 |   66.0 |
      Ice Cave |    318 |    318 |      0 |     12 |    214 |   1 |  318.0 |
               +--------+--------+--------+--------+--------+-----+--------+

Top non-repeatable levels by time:
     D:4: 1990 daAuts
     D:2: 1458 daAuts
     D:6: 1228 daAuts
     D:5: 1124 daAuts
     D:8: 1055 daAuts
     D:1: 1022 daAuts
     D:9: 937 daAuts
     D:7: 928 daAuts
     D:3: 865 daAuts
   IceCv: 318 daAuts
  Lair:1: 66 daAuts
